 Dungeon Sprint DCSS version 0.31-a0-1458-g2f8d4710b4 (webtiles) character file.

Game seed: 11170559123789538901

22740 Groucho the Imperceptible (level 12, 77/77 HPs)
             Began as a Felid Berserker on Dec 28, 2023.
             Was the Champion of Trog.
             Got out of the dungeon alive.
             The game lasted 00:13:36 (5720 turns).

Groucho the Imperceptible (Felid Berserker)         Turns: 5720, Time: 00:13:36

Health: 77/77      AC:  7    Str: 13    XL:     12   Next: 65%
Magic:  28/28      EV: 41    Int: 10    God:    Trog [******]
Gold:   1706       SH:  0    Dex: 22    Spells: 33/33 levels left
                                        Lives:  2   Deaths: 0

rFire   . .          .
                       - Unarmed
rCold   + . .        (shield unavailable)
rNeg    . . .        (body armour unavailable)
rPois   .            (helmet unavailable)
rElec   .            (cloak unavailable)
rCorr   .            (gloves unavailable)
SInv    +            (boots unavailable)
Will    +....        h - amulet of guardian spirit
Stlth   +++++++++    i - +5 ring of evasion
HPRegen 0.32/turn    m - +4 ring of protection
MPRegen 0.21/turn

%: no teleportation, guardian spirit
@: no status effects
A: very small, claws 1, fangs 3, see invisible, shaggy fur 3, stealthy paws, no
weapons or thrown items, no armour, multi-lived
a: Renounce Religion, Berserk, Trog's Hand, Brothers in Arms


You escaped.
You worshipped Trog.
Trog was exalted by your worship.
You visited 1 branch You collected 2933 gold pieces.
You spent 1227 gold pieces at shops.

Inventory:

Jewellery
 h - an amulet of guardian spirit (around neck)
 i - a +5 ring of evasion (left paw)
 k - a ring of wizardry
 l - a ring of flight
 m - a +4 ring of protection (right paw)
Wands
 g - a wand of light (4)
 n - a wand of flame (3)
Scrolls
 b - a scroll of blinking
 j - 3 scrolls of identify {unknown}
 o - a scroll of revelation {unknown}
Potions
 a - 3 potions of curing
 c - 2 potions of haste
 d - 3 potions of magic
 e - 2 potions of berserk rage
 f - a potion of attraction {unknown}


   Skills:
 + Level 15.4 Fighting
 + Level 19.5 Dodging
 - Level 24.0 Stealth
 + Level 15.4 Unarmed Combat
 + Level 11.4 Spellcasting


You had 33 spell levels left.
You didn't know any spells.
Your spell library was empty.

Dungeon Overview and Level Annotations

Branches:
Dungeon (1/1)

Altars:
Cheibriados
Dithmenos
Elyvilon
Fedhas
Gozag
Hepliaklqana
Kikubaaqudgha
Makhleb
Nemelex Xobeh
Okawaru
Qazlal
Ru
Sif Muna
Trog
Uskayaw
Vehumet
Wu Jian
Xom
Yredelemnul
Zin
The Shining One
Jiyva
Lugonu

Shops:
D *[:??[*(=!*(?[***=([[=

Annotations:
D Tiamat


Innate Abilities, Weirdness & Mutations

You have sharp claws.
You have razor-sharp teeth.
You have supernaturally acute eyesight. (SInv)
Your thick and shaggy fur keeps you warm. (AC +3, rC+)
Your paws help you pounce on unaware monsters.
You are incapable of wielding weapons or throwing items.
You cannot wear armour.
You gain extra lives every three experience levels.


Message History

There is an open door here.
You are engulfed in a cloud of scalding steam.
You close the door.
You are engulfed in a cloud of scalding steam.
You are engulfed in a cloud of scalding steam.
There is an open door, spattered with blood here.
You see here a +0 trident.
You close the door, pushing everything out of the way.
You start resting.
You start resting.
Magic restored.
You start resting.
You start resting.
HP restored.
You start waiting.
You start waiting.
Done waiting.
There is an open door, spattered with blood here.
There is an open door, spattered with blood here.
There is an open door here.
Okay, then.
There is an open door here.
There is an open door here.
Things that are here:
a +0 dagger; a +0 robe
There is an open door here.
Things that are here:
a +0 dagger; a +0 robe
There is an open door here.
There is an open door here.
Things that are here:
a +0 scythe; a +0 robe
There is an open door here.
You see here a +0 giant club.
There is an open door here.
Things that are here:
a +0 club; a +2 leather armour of poison resistance
There is an open door here.
There is a staircase leading out of the dungeon here.
You have escaped!

##################
#@.#..').#.)'..#__
#..').#..'..#..'.)
#..#####'#####'#__
#..####..#...#.###
#..#__####..##.#§§
#..#_____##'#_.'§§
#⌠⌠#_.∩...'..._#~~
####_..__##_.#'##'
#_____###'#.#.:


There were no monsters in sight!

Vanquished Creatures
  A golden dragon (D)
  A shadow dragon (D)
  4 fire giants (D)
  A hydra (D)
  2 centaur warriors (D)
  Sonja (D)
  A deep troll (D)
  A lindwurm (D)
  An oklob plant (D)
  A merfolk siren (D)
  A gargoyle (D)
  6 unseen horrors (D)
  A kobold demonologist (D)
  A hornet (D)
  2 glass eyes (D)
  A slime creature (D)
  Sigmund (D)
  13 hogs (D)
  A yak (D)
  2 redbacks (D)
  An ogre (D)
  7 necrophages (D)
  8 jellies (D)
  Ijyb (D)
  A ballistomycete spore (D)
61 creatures vanquished.

Vanquished Creatures (collateral kills)
  4 demonic crawlers (D)
  8 shining eyes (D)
  A kobold demonologist (D)
  An unseen horror (D)
  5 glass eyes (D)
19 creatures vanquished.

Vanquished Creatures (others)
  A ballistomycete spore (D)
1 creature vanquished.

Grand Total: 81 creatures vanquished

Notes
Turn   | Place    | Note
-------+----------+-------------------------------------------
     0 | D        | Groucho the Felid Berserker began the quest for the Orb.
     0 | D        | Reached XP level 1. HP: 12/12 MP: 2/2
     5 | D        | Noticed Ijyb
    17 | D        | Killed Ijyb
    18 | D        | Reached skill level 8 in Stealth
    18 | D        | Reached XP level 2. HP: 16/16 MP: 3/3
   153 | D        | Noticed an ogre
   158 | D        | Killed an ogre
   159 | D        | Reached skill level 12 in Stealth
   159 | D        | Reached XP level 3. HP: 20/20 MP: 4/4
   159 | D        | Reached XP level 4. HP: 24/24 MP: 5/5
   159 | D        | Gained a life (2 lives remaining)
   588 | D        | Noticed Sigmund
   590 | D        | Killed Sigmund
   590 | D        | Reached ** piety under Trog
   591 | D        | Reached skill level 17 in Stealth
   591 | D        | Reached XP level 5. HP: 28/28 MP: 6/6
   591 | D        | Gained mutation: You are covered in thick fur. (AC +2)
                  | [Felid growth]
   591 | D        | Reached XP level 6. HP: 32/32 MP: 7/7
   616 | D        | Found an ornate altar of the Wu Jian Council.
   616 | D        | Found a shimmering blue altar of Sif Muna.
   618 | D        | Found a radiant altar of Vehumet.
   625 | D        | Found Xineidwibet's Magic Scroll Emporium.
   625 | D        | Found an ancient bone altar of Kikubaaqudgha.
   625 | D        | Found a hazy altar of Hepliaklqana.
   625 | D        | Found a stormy altar of Qazlal.
   625 | D        | Found a hide-covered altar of Uskayaw.
   625 | D        | Found a blossoming altar of Fedhas.
   625 | D        | Found a bloodstained altar of Trog.
   625 | D        | Found an iron altar of Okawaru.
   625 | D        | Found a basalt altar of Yredelemnul.
   625 | D        | Found a glowing golden altar of the Shining One.
   625 | D        | Found a snail-covered altar of Cheibriados.
   625 | D        | Found a sacrificial altar of Ru.
   625 | D        | Found a glowing silver altar of Zin.
   625 | D        | Found a shadowy altar of Dithmenos.
   625 | D        | Found a white marble altar of Elyvilon.
   625 | D        | Noticed a yak
   626 | D        | Found an opulent altar of Gozag.
   627 | D        | Killed a yak
   628 | D        | Reached skill level 19 in Stealth
   628 | D        | Found a sparkling altar of Nemelex Xobeh.
   669 | D        | Found a viscous altar of Jiyva.
   669 | D        | Found a corrupted altar of Lugonu.
   669 | D        | Noticed a slime creature
   670 | D        | Found a burning altar of Makhleb.
   670 | D        | Found a shimmering altar of Xom.
   681 | D        | Killed a slime creature
   682 | D        | Reached skill level 20 in Stealth
   682 | D        | Reached XP level 7. HP: 29/36 MP: 8/8
   834 | D        | Noticed a centaur warrior
   839 | D        | Noticed a centaur warrior
   840 | D        | Killed a centaur warrior
   841 | D        | Reached skill level 5 in Fighting
   841 | D        | Reached skill level 21 in Stealth
   841 | D        | Reached skill level 5 in Unarmed Combat
   841 | D        | Reached XP level 8. HP: 44/44 MP: 9/9
   841 | D        | Killed a centaur warrior
   841 | D        | Reached *** piety under Trog
   842 | D        | Reached skill level 22 in Stealth
   849 | D        | Noticed a hornet
   855 | D        | Paralysed by a hornet for 1 turns
   863 | D        | Killed a hornet
   864 | D        | Reached XP level 9. HP: 23/50 MP: 10/10
  1226 | D        | Noticed an oklob plant
  1228 | D        | Killed an oklob plant
  1229 | D        | Reached skill level 10 in Dodging
  1238 | D        | Reached **** piety under Trog
  1239 | D        | Reached skill level 23 in Stealth
  1548 | D        | Noticed an unseen horror
  1549 | D        | Noticed an unseen horror
  1555 | D        | Killed an unseen horror
  1557 | D        | Killed an unseen horror
  1725 | D        | Reached ***** piety under Trog
  1759 | D        | Reached ****** piety under Trog
  1760 | D        | Reached XP level 10. HP: 58/58 MP: 11/11
  1797 | D        | Identified the +0 ring mail of Joehen {Will+ Str+5}
  1809 | D        | Found Tempofin's Weapon Shoppe.
  1809 | D        | Found Miadghaz's Assorted Antiques.
  1809 | D        | Found Zeifeuv's Jewellery Boutique.
  1811 | D        | Found Nerebeir's Distillery.
  1811 | D        | Found Quavoh's Assorted Antiques.
  1811 | D        | Found Ratseb's Weapon Shoppe.
  1811 | D        | Found Hoddos's Magic Scroll Boutique.
  1811 | D        | Found Eveareno's Antique Armour Emporium.
  1811 | D        | Found Giunip's Assorted Antiques.
  1811 | D        | Found Duatat's General Store.
  1815 | D        | Found Ohumu's General Store.
  1816 | D        | Found Foiriaf's Weapon Emporium.
  1816 | D        | Found Ikopp's Jewellery Boutique.
  1817 | D        | Found Vudou's Antique Armour Emporium.
  1827 | D        | Bought an amulet of guardian spirit for 360 gold pieces
  2142 | D        | Bought a +5 ring of evasion for 396 gold pieces
  2178 | D        | Noticed a deep troll
  2180 | D        | Killed a deep troll
  2181 | D        | Reached skill level 1 in Spellcasting
  2192 | D        | Found Orchoofo's Armour Emporium.
  2204 | D        | Noticed Sonja
  2207 | D        | Killed Sonja
  2208 | D        | Reached skill level 10 in Fighting
  2208 | D        | Reached skill level 24 in Stealth
  2208 | D        | Reached skill level 10 in Unarmed Combat
  2221 | D        | Found Jemirch's Assorted Antiques.
  2229 | D        | Bought a marble ring for 120 gold pieces
  2276 | D        | Bought a ruby ring for 150 gold pieces
  2279 | D        | Bought a silver ring for 105 gold pieces
  2332 | D        | Bought a short lead wand for 96 gold pieces
  2375 | D        | Noticed a rust devil
  2780 | D        | Noticed a demonic crawler
  2780 | D        | Noticed a demonic crawler
  2780 | D        | Noticed a demonic crawler
  2780 | D        | Noticed a demonic crawler
  2786 | D        | Killed a demonic crawler
  2786 | D        | Killed a demonic crawler
  2787 | D        | Reached skill level 5 in Spellcasting
  2787 | D        | Killed a demonic crawler
  2789 | D        | Killed a demonic crawler
  2790 | D        | Reached XP level 11. HP: 58/65 MP: 15/21
  3008 | D        | Noticed a lindwurm
  3010 | D        | Killed a lindwurm
  3011 | D        | Reached skill level 15 in Dodging
  3098 | D        | Noticed a 12-headed hydra
  3100 | D        | Killed a 12-headed hydra
  3158 | D        | Noticed a shining eye
  3158 | D        | Noticed a shining eye
  3158 | D        | Noticed a shining eye
  3158 | D        | Noticed a shining eye
  3158 | D        | Noticed a shining eye
  3158 | D        | Noticed a shining eye
  3162 | D        | Killed a shining eye
  3163 | D        | Killed a shining eye
  3165 | D        | Killed a shining eye
  3166 | D        | Killed a shining eye
  3169 | D        | Killed a shining eye
  3170 | D        | Noticed a shining eye
  3171 | D        | Killed a shining eye
  3174 | D        | Killed a shining eye
  3177 | D        | Noticed a shining eye
  3179 | D        | Killed a shining eye
  3189 | D        | Found Logguxtut's Magic Scroll Shop.
  3189 | D        | Found Jabog's Armour Shoppe.
  3189 | D        | Found Nedugitt's Armour Boutique.
  3189 | D        | Found Umimiq's Book Emporium.
  3262 | D        | Noticed a daeva
  3273 | D        | Gained mutation: Your thick and shaggy fur keeps you warm.
                  | (AC +3, rC+) [Felid growth]
  3273 | D        | Reached XP level 12. HP: 72/74 MP: 24/26
  4087 | D        | Noticed a fire giant
  4090 | D        | Noticed a fire giant
  4091 | D        | Noticed a fire giant
  4122 | D        | Killed a fire giant
  4123 | D        | Reached skill level 10 in Spellcasting
  4130 | D        | Killed a fire giant
  4233 | D        | Killed a fire giant
  4368 | D        | Noticed a fire giant
  4375 | D        | Killed a fire giant
  4435 | D        | Noticed a deep elf annihilator
  4614 | D        | Reached skill level 15 in Unarmed Combat
  4898 | D        | Found the +4 dragonskin cloak
  4898 | D        | Noticed Tiamat
  5270 | D        | Noticed a shadow dragon
  5270 | D        | Noticed a golden dragon
  5275 | D        | Killed a shadow dragon
  5276 | D        | Reached skill level 15 in Fighting
  5277 | D        | Killed a golden dragon
  5337 | D        | Found Nasum's Jewellery Shoppe.
  5720 | D        | Got out of the dungeon alive.

Illustrated notes

Levels and vault maps discovered:
D:        dungeon_sprint_1 [red_sonja_temple_1, red_sonja_temple_small_1]

Skill      XL: |  1  2  3  4  5  6  7  8  9 10 11 12 |
---------------+-------------------------------------+-----
Stealth        | 8 12 17 20 21 22 23 24 | 24.0
Fighting       | 5 7 9 11 13 15 | 15.4
Dodging        | 7 9 12 14 17 19 | 19.5
Unarmed Combat | 5 7 9 11 14 15 | 15.4
Spellcasting   | 6 9 11 | 11.4

Action                     |  1- 3 |  4- 6 |  7- 9 | 10-12 || total
---------------------------+-------+-------+-------+-------++-------
  Melee: Unarmed           |    13 |    12 |    46 |   122 ||   193
         Bite              |       |     2 |       |    16 ||    18
         Punch             |       |       |     2 |     6 ||     8
 Invoke: Berserk           |     2 |     1 |     4 |     3 ||    10
         Trog's Hand       |       |       |     2 |     4 ||     6
         Brothers in Arms  |       |       |       |    10 ||    10
    Use: Scroll            |       |       |     1 |       ||     1
         Potion            |       |       |       |     1 ||     1
   Stab: Sleeping          |     1 |     3 |    13 |    11 ||    28
 Armour: Skin              |     2 |     2 |    11 |    43 ||    58
  Dodge: Dodged            |     6 |     5 |    44 |    86 ||   141

Table legend: (Time is in decaauts)
 A = Elapsed time spent in this place.
 B = Non-inter-level travel time spent in this place.
 C = Inter-level travel time spent in this place.
 D = Time resting spent in this place.
 E = Time spent auto-exploring this place.
 F = Levels seen in this place.
 G = Mean time per level.
                   A        B        C        D        E       F      G
               +--------+--------+--------+--------+--------+-----+--------+
         Total |   5777 |   5680 |     97 |   4359 |      0 |   1 | 5777.0 |
       Dungeon |   5777 |   5680 |     97 |   4359 |      0 |   1 | 5777.0 |
               +--------+--------+--------+--------+--------+-----+--------+

Top non-repeatable levels by time:
       D: 5777 daAuts
